 Dungeon Crawl Stone Soup version 0.31-a0-965-g8a8ce12e04 (webtiles) character file.

Game seed: 8609641332783983097

2021 juzbaz the Stinger (level 9, -8/65 HPs)
             Began as a Gnoll Wanderer on Oct 25, 2023.
             Was a Follower of Dithmenos.
             Killed by divine providence
             ... invoked by an orc priest
              (13 damage)
             ... on level 6 of the Dungeon on Oct 26, 2023.
             The game lasted 00:16:43 (5317 turns).

juzbaz the Stinger (Gnoll Wanderer)                 Turns: 5317, Time: 00:16:43

Health: -8/65      AC: 10    Str: 12    XL:     9   Next: 23%
Magic:  18/18      EV: 17    Int: 13    God:    Dithmenos [*.....]
Gold:   301        SH:  0    Dex: 14    Spells: 21/21 levels left

rFire   + . .        a - +0 dagger (elec)
rCold   + . .        (no shield)
rNeg    . . .        B - +0 swamp dragon scales
rPois   +            q - +1 helmet
rElec   .            p - scarf {rC+ rF+}
rCorr   .            (no gloves)
SInv    .            (no boots)
Will    .....        (no amulet)
Stlth   +++          g - +5 ring of evasion
HPRegen 0.30/turn    (no ring)
MPRegen 0.16/turn

%: no passive effects
@: wreathed by umbra
A: fangs 1, strong nose, distributed training
a: Renounce Religion


You were on level 6 of the Dungeon.
You worshipped Dithmenos.
Dithmenos was aware of your devotion.
You visited 2 branches of the dungeon, and saw 7 of its levels.

You collected 301 gold pieces.

Inventory:

Hand Weapons
 a - a +0 dagger of electrocution (weapon)
 b - a +1 sling of draining
 d - a +0 heavy morningstar
 k - a +0 spear
 w - the +5 trident of Fate {heavy, rN+ Str+2 Int-2 Dex+4}
   (You found it on level 4 of the Dungeon)

   Str+2:     It affects your strength (+2).
   Int-2:     It affects your intelligence (-2).
   Dex+4:     It affects your dexterity (+4).
   rN+:       It protects you from negative energy.
 x - a +0 dagger of venom
 D - a +2 short sword of electrocution
Missiles
 r - 35 poisoned darts (quivered)
 C - a curare-tipped dart
Armour
 e - an orb of energy
 p - a scarf of resistance (worn)
 q - a +1 helmet (worn)
 s - a +0 chain mail
 y - a +0 cloak
 A - the +3 leather armour "Veisel" {rC+ Int+5}
   (You found it on level 5 of the Dungeon)

   Int+5:     It affects your intelligence (+5).
   rC+:       It protects you from cold.
 B - +0 swamp dragon scales (worn)
Jewellery
 g - a +5 ring of evasion (left hand)
Wands
 c - a wand of polymorph (9)
 E - a wand of charming (6)
 F - a wand of flame (25)
Scrolls
 h - a scroll of blinking {unknown}
 l - 3 scrolls of teleportation
 z - a scroll of identify
 G - a scroll of butterflies {unknown}
Potions
 f - 3 potions of curing
 i - 3 potions of enlightenment {unknown}
 j - a potion of berserk rage {unknown}
 n - 3 potions of brilliance
 t - a potion of degeneration {unknown}
 u - a potion of ambrosia {unknown}
 v - a potion of cancellation


   Skills:
 + Level 4.1 Fighting
 + Level 4.1 Short Blades
 + Level 4.1 Long Blades
 + Level 4.1 Axes
 + Level 4.1 Maces & Flails
 + Level 4.9 Polearms
 + Level 4.1 Staves
 + Level 4.1 Ranged Weapons
 + Level 4.9 Throwing
 + Level 4.1 Armour
 + Level 4.1 Dodging
 + Level 5.9 Stealth
 + Level 4.1 Shields
 + Level 4.1 Unarmed Combat
 + Level 6.5 Spellcasting
 + Level 3.4 Conjurations
 + Level 3.4 Hexes
 + Level 3.4 Summonings
 + Level 3.4 Necromancy
 + Level 3.4 Translocations
 + Level 3.4 Transmutations
 + Level 3.4 Fire Magic
 + Level 3.4 Ice Magic
 + Level 3.4 Air Magic
 + Level 3.4 Earth Magic
 + Level 7.9 Poison Magic
 + Level 4.5 Invocations
 + Level 4.1 Evocations
 + Level 3.7 Shapeshifting


You had 21 spell levels left.
You didn't know any spells.
Your spell library contained the following spells:

 Spells                   Type           Power      Damage    Failure   Level
 Sting                    Tmut/Pois      76%        1d6       3%          1
 Cigotuvi's Dreadful Rot  Necr/Pois/Air  34%        N/A       7%          2
 Summon Small Mammal      Summ           52%        N/A       9%          1
 Olgreb's Toxic Radiance  Pois           25%        N/A       13%         4
 Call Canine Familiar     Summ           13%        N/A       26%         3
 Summon Guardian Golem    Hex/Summ       13%        N/A       26%         3


Dungeon Overview and Level Annotations

Branches:
Dungeon (6/15)             Temple (1/1) D:4

Altars:
Ashenzari
Cheibriados
Dithmenos
Elyvilon
Fedhas
Gozag
Hepliaklqana
Nemelex Xobeh
Okawaru
Qazlal
Ru
Sif Muna
Uskayaw
Vehumet
Xom
Yredelemnul
Zin
The Shining One

Annotations:
D:6 1 transporter


Innate Abilities, Weirdness & Mutations

You have very sharp teeth.
Your uncanny sense of smell can sniff out nearby items.
Your experience applies equally to all skills.


Message History

The sky beast is almost dead.
The orc priest hits you with a +0 flail.
* * * LOW HITPOINT WARNING * * *
The sky beast closely misses you.
You closely miss the sky beast.
The sky beast is almost dead.
The orc priest mumbles some strange prayers to Beogh against you.
Beogh smites you!
* * * LOW HITPOINT WARNING * * *
The sky beast closely misses you.
You feel much better.
The sky beast hits you but does no damage.
As you read the scroll of fog, it dissolves into smoke.
The orc priest closely misses you.
The orc priest begins to cast a cantrip, but forgets the words!
The orc priest hits you but does no damage.
The sky beast completely misses you.
The orc priest hits you but does no damage.
The orc priest casts a cantrip, but nothing happens.
The orc priest attacks as it pursues you!
The orc priest hits you with a +0 flail.
The sky beast flickers out of sight!
Deactivating autopickup; reactivate with Ctrl-A.
Something closely misses you.
The orc priest invokes the aid of Beogh against you.
Beogh smites you! Something closely misses you.
Something hits you but does no damage.
The orc priest invokes the aid of Beogh against you.
Beogh smites you!
* * * LOW HITPOINT WARNING * * *
A sky beast appears from thin air!
Reactivating autopickup.
The orc priest invokes the aid of Beogh against you.
Beogh smites you!
* * * LOW HITPOINT WARNING * * *
You see here a black bear corpse.
The orc priest mumbles some strange prayers to Beogh against you.
Beogh smites you!
You die...

#......§§§§§§o.......#
#.###.o#########.#.#.#
#.o# .# # # #.###..# ##
#...†o.# #####..# #Y.#
#..####..#
######@......(.
#.>....#####.## #.####.#
#.# #.# #.####.#####.#
#[.####.............
........####.###..##
#.○#.#.####.####....)...
...# #<###..........).


You could see a sky beast and 3 orc priests.

Vanquished Creatures
  Maggie (D:5)
  Grinder (D:6)
  Sigmund (D:2)
  Edmund (D:6)
  2 black bears
  A sky beast (D:6)
  2 phantoms
  2 kobold brigands (D:6)
  3 scorpions (D:5)
  A howler monkey (D:5)
  2 hounds (D:5)
  2 jellies
  An orc priest (D:4)
  2 iguanas
  Natasha (twice) (D:3)
  An orc wizard (D:6)
  Robin (D:2)
  5 adders
  4 gnolls (D:4)
  A white imp (D:5)
  An ufetubus (D:6)
  2 worms (D:3)
  6 dart slugs
  11 orcs
  5 ball pythons
  4 bats
  12 endoplasms
  3 giant cockroaches
  16 goblins
  9 hobgoblins
  6 jackals
  22 kobolds
  8 quokkas
  5 frilled lizards
  A rat (D:1)
147 creatures vanquished.

Notes
Turn   | Place    | Note
-------+----------+-------------------------------------------
     0 | D:1      | juzbaz the Gnoll Wanderer began the quest for the Orb.
     0 | D:1      | juzbaz set off with the following items: a +0 spear, 11
                  | poisoned darts, a +0 dagger, a scroll of silence, a +0
                  | robe; and the following spell memorised: Sting; and the
                  | following spells available to memorise: Olgreb's Toxic
                  | Radiance, Cigotuvi's Dreadful Rot.
     0 | D:1      | Reached XP level 1. HP: 13/13 MP: 6/6
   180 | D:1      | Reached XP level 2. HP: 14/19 MP: 7/7
   444 | D:1      | Reached XP level 3. HP: 14/25 MP: 9/9
   512 | D:1      | Reached skill level 5 in Spellcasting
   806 | D:1      | Reached skill level 1 in Invocations
  1058 | D:2      | Reached skill level 1 in Fighting
  1058 | D:2      | Reached skill level 1 in Short Blades
  1058 | D:2      | Reached skill level 1 in Long Blades
  1058 | D:2      | Reached skill level 1 in Axes
  1058 | D:2      | Reached skill level 1 in Maces & Flails
  1058 | D:2      | Reached skill level 1 in Staves
  1058 | D:2      | Reached skill level 1 in Ranged Weapons
  1058 | D:2      | Reached skill level 1 in Armour
  1058 | D:2      | Reached skill level 1 in Dodging
  1058 | D:2      | Reached skill level 1 in Shields
  1058 | D:2      | Reached skill level 1 in Unarmed Combat
  1058 | D:2      | Reached skill level 1 in Evocations
  1165 | D:2      | Noticed Robin
  1221 | D:1      | Reached XP level 4. HP: 31/32 MP: 11/11
  1342 | D:2      | Found a glowing golden altar of the Shining One.
  1354 | D:2      | Reached skill level 1 in Shapeshifting
  1372 | D:2      | Noticed Sigmund
  1746 | D:2      | Killed Sigmund
  1747 | D:2      | Reached skill level 1 in Conjurations
  1747 | D:2      | Reached skill level 1 in Hexes
  1747 | D:2      | Reached skill level 1 in Summonings
  1747 | D:2      | Reached skill level 1 in Necromancy
  1747 | D:2      | Reached skill level 1 in Translocations
  1747 | D:2      | Reached skill level 1 in Transmutations
  1747 | D:2      | Reached skill level 1 in Fire Magic
  1747 | D:2      | Reached skill level 1 in Ice Magic
  1747 | D:2      | Reached skill level 1 in Air Magic
  1747 | D:2      | Reached skill level 1 in Earth Magic
  1747 | D:2      | Reached XP level 5. HP: 34/38 MP: 12/12
  1747 | D:2      | Reached XP level 6. HP: 40/44 MP: 13/13
  1750 | D:2      | Killed Robin
  2268 | D:3      | Noticed Natasha
  2276 | D:3      | Killed Natasha
  2344 | D:3      | Noticed Natasha
  2349 | D:3      | Killed Natasha
  2569 | D:3      | You fall into a shaft and drop 2 floors!
  2569 | D:5      | Entered Level 5 of the Dungeon
  2592 | D:5      | Reached XP level 7. HP: 51/51 MP: 15/15
  3173 | D:4      | Reached skill level 5 in Stealth
  3582 | D:4      | Identified the +5 trident of Fate {heavy, rN+ Str+2 Int-2
                  | Dex+4}
  3599 | D:4      | Found a hazy altar of Hepliaklqana.
  3751 | D:4      | Found a staircase to the Ecumenical Temple.
  3760 | Temple   | Entered the Ecumenical Temple
  3761 | Temple   | Upgraded the game from 0.31-a0-963-ga325b2283a to
                  | 0.31-a0-965-g8a8ce12e04
  3785 | Temple   | Became a worshipper of Dithmenos the Shadowed
  4353 | D:5      | Reached XP level 8. HP: 49/57 MP: 16/16
  4437 | D:5      | Identified the +3 leather armour "Veisel" {rC+ Int+5}
  4568 | D:6      | Noticed Maggie
  4595 | D:5      | Killed Maggie
  4916 | D:6      | Noticed Edmund
  4936 | D:6      | Killed Edmund
  4944 | D:6      | Found a transporter.
  5047 | D:6      | Reached * piety under Dithmenos
  5135 | D:6      | Reached XP level 9. HP: 65/65 MP: 18/18
  5177 | D:6      | Noticed Grinder
  5205 | D:6      | Paralysed by Grinder for 3 turns
  5213 | D:6      | Killed Grinder
  5261 | D:6      | Found a snail-covered altar of Cheibriados.
  5317 | D:6      | Killed from afar by an orc priest

Illustrated notes

Levels and vault maps discovered:
D:1:      saegor_arrival_simple_a, layout_loops_ring, minmay_distorted
D:2:      layout_loops_ring, basic_altar, uniq_sigmund, uniq_robin
D:3:      layout_basic, uniq_natasha
D:4:      layout_loops_ring, mainiacjoe_overflow_six_doors_small,
          minmay_temple_entry_large_hall
D:5:      layout_basic
D:6:      gammafunk_cloud_chamber, layout_loops_ring,
          mainiacjoe_overflow_small_starburst, uniq_edmund, uniq_maggie,
          uniq_crazy_yiuf_cottage, uniq_grinder
Temple:   regret_index_temple_sphere_string

Skill      XL: |  1  2  3  4  5  6  7  8  9 |
---------------+----------------------------+-----
Spellcasting   | 5 6 |  6.5
Invocations    | 1 2 3 4 |  4.5
Fighting       | 1 2 3 4 |  4.1
Short Blades   | 1 2 3 4 |  4.1
Long Blades    | 1 2 3 4 |  4.1
Axes           | 1 2 3 4 |  4.1
Maces & Flails | 1 2 3 4 |  4.1
Staves         | 1 2 3 4 |  4.1
Ranged Weapons | 1 2 3 4 |  4.1
Armour         | 1 2 3 4 |  4.1
Dodging        | 1 2 3 4 |  4.1
Shields        | 1 2 3 4 |  4.1
Unarmed Combat | 1 2 3 4 |  4.1
Evocations     | 1 2 3 4 |  4.1
Shapeshifting  | 1 2 3 |  3.7
Polearms       | 3 4 |  4.9
Throwing       | 3 4 |  4.9
Conjurations   | 1 2 3 |  3.4
Hexes          | 1 2 3 |  3.4
Summonings     | 1 2 3 |  3.4
Necromancy     | 1 2 3 |  3.4
Translocations | 1 2 3 |  3.4
Transmutations | 1 2 3 |  3.4
Fire Magic     | 1 2 3 |  3.4
Ice Magic      | 1 2 3 |  3.4
Air Magic      | 1 2 3 |  3.4
Earth Magic    | 1 2 3 |  3.4
Stealth        | 5 |  5.9
Poison Magic   | |  7.9

Action                     |  1- 3 |  4- 6 |  7- 9 || total
---------------------------+-------+-------+-------++-------
  Melee: Spear             |   144 |       |       ||   144
         Bite              |    21 |    11 |    32 ||    64
         Dagger            |    38 |    81 |   281 ||   400
         Punch             |     1 |     3 |     6 ||    10
   Fire: Sling             |       |    39 |   113 ||   152
  Throw: Dart              |     6 |    11 |    23 ||    40
    Use: Potion            |       |     2 |     1 ||     3
         Scroll            |       |     1 |     7 ||     8
   Stab: Sleeping          |     7 |     3 |       ||    10
 Armour: Robe              |    39 |       |       ||    39
         Ring mail         |    13 |     6 |       ||    19
         Chain mail        |       |    35 |   124 ||   159
         Swamp dragon scal |       |       |    85 ||    85
  Dodge: Dodged            |   106 |    53 |   219 ||   378

Table legend: (Time is in decaauts)
 A = Elapsed time spent in this place.
 B = Non-inter-level travel time spent in this place.
 C = Inter-level travel time spent in this place.
 D = Time resting spent in this place.
 E = Time spent auto-exploring this place.
 F = Levels seen in this place.
 G = Mean time per level.
                   A        B        C        D        E       F      G
               +--------+--------+--------+--------+--------+-----+--------+
         Total |   5314 |   5050 |    264 |    269 |   3099 |   7 |  759.1 |
       Dungeon |   5263 |   5047 |    216 |    269 |   3099 |   6 |  877.2 |
        Temple |     50 |      2 |     48 |      0 |      0 |   1 |   50.0 |
               +--------+--------+--------+--------+--------+-----+--------+

Top non-repeatable levels by time:
     D:1: 1055 daAuts
     D:3: 994 daAuts
     D:2: 907 daAuts
     D:5: 861 daAuts
     D:4: 861 daAuts
     D:6: 583 daAuts
  Temple: 50 daAuts
